 Dungeon Crawl Stone Soup version 0.26.1-11-gd32895ea62 (webtiles) character file.

Game seed: 8826998532984573

45 DearestLeader the Sneak (level 3, 0/16 HPs)
             Began as a Spriggan Enchanter on Apr 26, 2021.
             Hit by a stone thrown by a gnoll (8 damage)
             ... on level 1 of the Dungeon.
             The game lasted 00:03:50 (1817 turns).

DearestLeader the Sneak (Spriggan Enchanter)        Turns: 1817, Time: 00:03:50

Health: 0/16       AC:  2    Str:  4    XL:     3   Next: 42%
Magic:  6/8        EV: 18    Int: 17    God:
Gold:   88         SH:  0    Dex: 16    Spells: 1/7 levels left

rFire    . . .     SeeInvis +   i - +1 dagger (drain)
rCold    . . .     Faith    .   (shield restricted)
rNeg     . . .     Spirit   .   b - +0 robe
rPois    .         Reflect  .   (helmet restricted)
rElec    .         Harm     .   (no cloak)
rCorr    .         Rampage  .   (gloves unavailable)
Will     .....                  (boots unavailable)
Stlth    +++.......             (no amulet)
HPRegen  0.05/turn              k - ring of flight
MPRegen  0.11/turn              (no ring)

@: very quick
A: very small, unfitting armour, see invisible, speed 3
a: Evoke Flight


You were on level 1 of the Dungeon.
You visited 1 branch of the dungeon, and saw 2 of its levels.

You collected 88 gold pieces.

Inventory:

Hand Weapons
 a - a +1 dagger
 i - a +1 dagger of draining (weapon)
Armour
 b - a +0 robe (worn)
Jewellery
 k - a ring of flight (left hand)
Scrolls
 c - a scroll of enchant weapon {unknown}
 f - 4 scrolls of identify {unknown}
 h - a scroll of remove curse {unknown}
Potions
 d - a potion of lignification {unknown}
 e - 2 potions of brilliance {unknown}
 g - 2 potions of flight {unknown}
 j - a potion of heal wounds {unknown}


   Skills:
 * Level 3.1 Short Blades
 - Level 3.0 Dodging
 - Level 4.4 Stealth
 - Level 2.6 Spellcasting
 + Level 4.3 Hexes


You had one spell level left.
You knew the following spells:

 Your Spells              Type           Power        Failure   Level
a - Corona                Hex            17%          3%          1
b - Ensorcelled Hibernat  Hex/Ice        18%          12%         2
c - Confusing Touch       Hex            16%          10%         3

Your spell library contained the following spells:

 Spells                   Type           Power        Failure   Level
 Tukima's Dance           Hex            16%          10%         3
 Dazzling Flash           Conj/Hex       18%          22%         3


Dungeon Overview and Level Annotations

Branches:
Dungeon (2/15)

Altars:
Ashenzari
Fedhas


Innate Abilities, Weirdness & Mutations

You are very small and have problems with some larger weapons.
You are too small for most types of armour.
You have supernaturally acute eyesight. (SInv)
You cover ground extremely quickly.


Message History

Aim: a gnoll, wielding a +0 club (chance to affect: 50%)
The gnoll looks drowsy...
The helpless gnoll fails to defend itself.
You impale the gnoll!!
You kill the gnoll!
Your Short Blades skill increases to level 3!
You start resting.
Magic restored.
You start resting.
A gnoll is nearby!
The gnoll shouts!
Casting: Ensorcelled Hibernation (safe; 12% risk of failure)
Confirm with . or Enter, or press ? or * to list all spells.
Aiming: Ensorcelled Hibernation (safe; 12% risk of failure)
Press: ? - help, Shift-Dir - straight line, f - gnoll
Aim: a gnoll, quivering 18 stones (chance to affect: 50%)
The gnoll resists with some effort.
The gnoll hits you.
The gnoll throws a stone.
The stone hits you!
Ouch! That really hurt!
You die...

.......# #..........# #.......#
######## #.....)....# #.####.##
#....).(...# #.# #.#
#..........# #.# #.#
#..........# #.# #.#
#..........# #.# #.#
#..........# #.####.#
#..........# #.#....#
#......@...# #.#.####
#....g.....# #.#.# #..(.....).#
#.#.# # #####...#### #.#.# #
#..)########.#.##### #
#.#.#..............# #
###########.#(..#........##.##
####........##.#...#g####.####.#
'..'...........#...#[#.......#.#


You could see a gnoll.

Vanquished Creatures
  A gnoll (D:1)
  A dart slug (D:1)
  2 leopard geckos (D:1)
  An orc (D:2)
  A giant cockroach (D:1)
  3 goblins (D:1)
  3 hobgoblins (D:1)
  2 jackals (D:1)
  4 bats (D:1)
  4 kobolds
  10 rats
32 creatures vanquished.

Notes
Turn   | Place    | Note
-------+----------+-------------------------------------------
     0 | D:1      | DearestLeader the Spriggan Enchanter began the quest for
                  | the Orb.
     0 | D:1      | Reached XP level 1. HP: 9/9 MP: 5/5
    94 | D:1      | Found a broken altar of Ashenzari.
   258 | D:1      | Reached XP level 2. HP: 13/13 MP: 4/6
   276 | D:1      | Learned a level 2 spell: Ensorcelled Hibernation
  1129 | D:1      | Reached XP level 3. HP: 16/16 MP: 8/8
  1133 | D:1      | Learned a level 3 spell: Confusing Touch
  1450 | D:2      | Found a blossoming altar of Fedhas.
  1817 | D:1      | Hit by a stone thrown by a gnoll

Illustrated notes

Levels and vault maps discovered:
D:1:      ncdulo_smallfort, layout_basic, corexii_item_surrounded_by_moat,
          nicolae_ashenzari_panopticon
D:2:      layout_rooms, chequers_ecumenical_altar_grove, fedhas_altar_1

Skill      XL: |  1  2  3 |
---------------+----------+-----
Short Blades   | 2 3 |  3.1
Hexes          | 4 |  4.3
Dodging        | |  3.0
Stealth        | |  4.4
Spellcasting   | |  2.6

Action                   || total
-------------------------++-------
Melee: Dagger            ||    74
 Cast: Corona            ||     6
       Ensorcelled Hiber ||    15
 Stab: Sleeping          ||    11
Armor: Robe              ||     3
Dodge: Dodged            ||    69
